Map: Thunderbird LE

Players

TurnoFF

  • Race: Protoss Protoss
  • League: Diamond
  • Spawn Location: 5:00

Mez - Winner!

  • Race: Terran Terran
  • League: Master
  • Spawn Location: 11:00

VOD

Have the link to the VOD?

Description

Time

  • Played on: Aug. 28, 2019, 3:58 a.m.
  • Length: 10:24
Show
View Real Time Build Order
Export as new Build Order

TurnoFF Protoss 

Build Orders: 1 Gate Expand, Colossus Rush 

Get SALT Encoding   

  12  0:00  Probe  
  13  0:12  Probe  
  14  0:17  Pylon  
  14  0:24  Probe  
  15  0:35  Probe  
  15  0:38  Gateway  
  16  0:43  Probe  
  16  0:49  Assimilator  
  17  0:52  Probe  
  18  1:03  Probe  
  19  1:15  Probe  
  20  1:30  Cybernetics Core  
  20  1:38  Nexus  
  20  1:42  Pylon  
  20  1:48  Probe, Assimilator  
  21  1:56  Adept  
  21  2:00  Probe  
  22  2:07  Warp Gate  
  23  2:13  Probe  
  24  2:19  Adept  
  24  2:22  Pylon  
  26  2:42  Probe  
  27  2:44  Robotics Facility  
  27  2:50  Probe  
  27  2:51  Probe  
  28  2:55  Stalker  
  28  2:58  Probe  
  31  3:03  Probe  
  33  3:09  Pylon, Probe  
  34  3:15  Probe  
  35  3:21  Probe  
  34  3:27  Probe  
  34  3:33  Probe  
  34  3:39  Probe  
  35  3:44  Observer  
  35  3:46  Probe  
  37  3:51  Probe  
  34  4:03  Stalker  
  34  4:05  Probe x2  
  34  4:06  Observer  
  34  4:08  Robotics Bay  
  34  4:09  Gateway  
  39  4:11  Gateway  
  39  4:17  Probe  
  39  4:18  Pylon  
  39  4:19  Probe  
  39  4:20  Assimilator  
  39  4:22  Assimilator  
  41  4:28  Twilight Council  
  41  4:39  Probe  
  41  4:40  Probe  
  43  4:45  Observer  
  43  4:47  Pylon, Stalker  
  43  4:52  Probe x2, Charge  
  46  5:04  Probe  
  47  5:11  Colossus  
  47  5:13  Nexus  
  53  5:16  Forge  
  53  5:18  Forge  
  53  5:20  Probe  
  54  5:22  Probe  
  54  5:26  Pylon  
  55  5:30  Stalker  
  55  5:32  Protoss Ground Weapons Level 1  
  57  5:36  Observer  
  57  5:38  Protoss Ground Armor Level 1  
  57  5:44  Gateway  
  57  5:45  Gateway  
  57  5:46  Probe  
  57  5:47  Probe  
  59  5:51  Pylon  
  59  5:58  Probe  
  59  5:59  Observer, Probe  
  61  6:06  Zealot x2  
  61  6:11  Probe  
  66  6:17  Blink  
  66  6:27  Colossus  
  66  6:28  Extended Thermal Lance  
  71  6:39  Probe x3  
  74  6:43  Pylon  
  74  6:45  Zealot x3  
  80  6:52  Stalker  
  82  6:59  Probe  
  82  7:00  Probe x2  
  85  7:02  Pylon  
  85  7:11  Zealot x4  
  85  7:12  Probe x3  
  96  7:16  Pylon  
  96  7:25  Colossus  
  102  7:31  Pylon  
  102  7:33  Probe x3  
  102  7:35  Assimilator  
  105  7:43  Stalker x3  
  111  7:45  Protoss Ground Armor Level 2  
  111  7:50  Gateway  
  111  7:51  Pylon  
  111  8:03  Pylon  
  111  8:06  Zealot x2  
  115  8:13  Gateway  
  115  8:14  Gateway  
  115  8:16  Pylon  
  115  8:17  Assimilator  
  115  8:28  Zealot x3  
  115  8:29  Stalker x2  
  125  8:48  Gateway  
  125  8:50  Zealot  
  125  8:51  Zealot x3  
  113  9:01  Zealot x2  
  96  9:09  Zealot x2  
  97  9:12  Zealot x2  
  97  9:13  Zealot x2  
  92  9:23  Zealot x2  
  92  9:33  Warp Prism  
  92  9:39  Zealot x2  
  92  9:40  Stalker x4  
  106  9:51  Zealot x2  
  56  10:19  Zealot  
  56  10:20  Zealot x3  
Show
View Real Time Build Order
Export as new Build Order

Mez Terran - Winner!

Build Orders: Reaper Expand 

Get SALT Encoding   

  12  0:01  SCV  
  13  0:13  SCV  
  14  0:17  Supply Depot  
  14  0:25  SCV  
  15  0:38  SCV  
  15  0:40  Barracks  
  16  0:44  Refinery  
  16  0:51  SCV  
  17  1:03  SCV  
  18  1:15  SCV  
  19  1:27  Orbital Command, Reaper  
  20  1:42  Command Center  
  20  1:55  SCV  
  20  1:56  Bunker  
  20  2:00  Supply Depot  
  21  2:04  Marine  
  21  2:07  SCV  
  23  2:22  SCV  
  24  2:23  Barracks Reactor  
  24  2:35  Command Center  
  24  2:43  Factory  
  24  2:45  SCV  
  25  2:55  Orbital Command  
  25  2:57  SCV  
  26  3:02  Refinery  
  26  3:03  Marine x2  
  28  3:09  SCV  
  29  3:21  SCV, Marine x2  
  29  3:25  SCV  
  33  3:33  SCV  
  34  3:35  Widow Mine  
  34  3:37  SCV  
  37  3:41  Marine x2  
  39  3:55  Orbital Command  
  38  3:56  SCV x2  
  38  3:59  Factory Tech Lab  
  38  4:01  Starport  
  39  4:03  Marine x2  
  39  4:08  Refinery, SCV  
  42  4:14  SCV  
  43  4:19  Siege Tank  
  43  4:20  SCV  
  47  4:27  SCV, Marine x2  
  47  4:28  SCV  
  51  4:32  SCV  
  51  4:38  Starport Tech Lab  
  52  4:40  SCV x2  
  52  4:44  SCV  
  55  4:46  Marine x2  
  55  4:48  Barracks  
  55  4:51  Supply Depot  
  55  4:52  SCV x2  
  58  4:59  Raven  
  61  5:03  Barracks  
  61  5:06  SCV  
  61  5:10  Supply Depot  
  61  5:12  Siege Tank, SCV x2  
  66  5:17  Marine  
  66  5:18  Marine  
  66  5:20  SCV  
  69  5:24  Supply Depot, Refinery  
  69  5:32  Engineering Bay, SCV x2  
  69  5:33  SCV  
  69  5:34  Engineering Bay  
  72  5:41  Marine x2  
  74  5:44  SCV x2  
  74  5:45  SCV  
  77  5:52  Starport Reactor  
  77  5:53  Stimpack, Orbital Command  
  77  5:56  SCV, Marine, Factory Reactor  
  80  5:57  SCV  
  80  5:58  Marauder  
  80  6:00  Terran Infantry Weapons Level 1  
  80  6:01  Terran Infantry Armor Level 1  
  82  6:07  Supply Depot, Marine  
  82  6:08  Marine  
  82  6:09  Supply Depot  
  84  6:13  SCV  
  85  6:21  Barracks  
  85  6:22  Barracks  
  85  6:29  Marauder x2, SCV x2, Marine x2  
  85  6:30  Medivac x2, SCV  
  98  6:42  Supply Depot  
  98  6:43  Supply Depot  
  98  6:45  Supply Depot  
  98  6:47  Combat Shield  
  98  6:49  Widow Mine  
  98  6:51  Marine  
  101  6:57  Armory  
  101  7:03  SCV x2  
  101  7:04  Widow Mine, Marauder x2, SCV, Marine  
  101  7:05  Medivac x2  
  115  7:08  Supply Depot  
  115  7:09  Supply Depot  
  115  7:12  Supply Depot  
  115  7:15  Barracks Tech Lab, Barracks Reactor, SCV x2  
  117  7:25  Marauder x2, Refinery  
  117  7:26  Refinery  
  117  7:27  Starport  
  117  7:29  Starport  
  121  7:30  SCV  
  121  7:31  SCV x2  
  121  7:33  Marine x2  
  121  7:34  Marauder  
  121  7:35  Concussive Shells  
  128  7:43  Supply Depot, SCV x3  
  131  7:46  Marauder x2  
  131  7:47  Supply Depot  
  131  7:49  Supply Depot  
  135  7:55  SCV  
  136  7:59  Marine  
  136  8:00  Marauder, Marine x3  
  136  8:02  Viking x2  
  146  8:07  Viking x2, Marine  
  146  8:08  Marauder  
  146  8:10  Supply Depot  
  146  8:12  SCV x3  
  156  8:18  Marine x2  
  156  8:19  Marine x2  
  160  8:21  Supply Depot, Marauder  
  160  8:22  Supply Depot  
  160  8:23  Supply Depot  
  160  8:26  Marauder  
  164  8:44  Marauder x2, Marine x3  
  164  8:47  Marauder  
  162  9:02  Marine  
  153  9:05  Marauder, Viking x2  
  153  9:06  Marauder, Viking x2  
  153  9:08  Marauder  
  168  9:16  Command Center  
  150  9:18  Barracks  
  150  9:21  Ghost Academy, Marine x2  
  142  9:27  Marauder x2  
  142  9:33  Barracks  
  142  9:34  Barracks  
  140  9:43  Marauder, Marine x4  
  146  9:48  Marauder, Marine  
  149  9:58  Refinery  
  148  10:04  Refinery  
Tags
 
Add a new tag
Caveats
  • Supply blocks, unpowered buildings, or Contaminate may cause inaccurate times.
  • Supply counts are checked every 10 seconds.